 Dungeon Crawl Stone Soup version 0.32-a0-673-g3729bd50f8 (webtiles) character file.

Game seed: 7336106475128402936

381942 croobank the Omniscient (level 22, -33/243 HPs)
             Began as a Gnoll Summoner on Mar 9, 2024.
             Was the Champion of Ashenzari.
             Annihilated by an azure jelly (36 damage)
             ... created by the Royal Jelly
             ... on level 5 of the Pits of Slime on Mar 10, 2024.
             The game lasted 05:46:06 (70820 turns).

croobank the Omniscient (Gnoll Summoner)           Turns: 70820, Time: 05:46:06

Health: -33/243    AC: 19    Str:  9    XL:     22   Next: 53%
Magic:  40/45      EV: 26    Int: 26    God:    Ashenzari [******]
Gold:   2661       SH: 15    Dex: 22    Spells: 6/60 levels left

rFire   . . .        a - +2 Maxwell's thermic engine {flame, freeze, rev, Comp, Elem} (curse)
rCold   . . .        v - +0 kite shield of the Astrological Sun {Dex+5 Stlth-, Sorc, Bglg} (curse)
rNeg    + . .        w - melded +5 ring mail of Ouranomancy {Will+, Comp, Bglg} (curse)
rPois   ∞            H - +2 hood of the Assassin {Detect Stab+ Stlth++, Self, Comp} (curse)
rElec   +            c - +2 cloak of Ashenzari's Augurer {Stlth+, Dev, Elem} (curse)
rCorr   .            R - melded +1 pair of gloves "Gaze Upon Infinity" {Sorc, Melee} (curse)
SInv    +            i - melded +0 pair of boots of Ashenzari's Vision {Cun, Sorc} (curse)
Will    +....        Y - amulet of Supernal Wisdom {RegenMP+, Elem, Cun} (curse)
Stlth   +++++++++    J - ring "Ensconced Together" {Int+6, Dev, Self} (curse)
HPRegen 0.60/turn    k - ring "Chained Fetters" {Wiz, Range, Comp} (curse)
MPRegen 0.69/turn

%: clarity, wizardry (x1)
@: statue-form, death channelling, corroded, animating dead (expiring), very
slow
A: slow and powerful, torment resistance 1, boosted hp, fangs 1, strong nose,
distributed training
}: 3/15 runes: decaying, serpentine, slimy
a: Begin Untransformation, Renounce Religion, Shatter the Chains


You were on level 5 of the Pits of Slime.
You worshipped Ashenzari.
Ashenzari was exalted by your worship.
You were a living statue of rough stone.
You visited 8 branches of the dungeon, and saw 40 of its levels.
You also visited: Ossuary and Ice Cave.

You collected 6257 gold pieces.
You spent 3596 gold pieces at shops.

Inventory:

Hand Weapons
 a - the cursed +2 Maxwell's thermic engine (weapon) {flame, freeze, rev, Comp, Elem}
   (You found it on level 13 of the Dungeon)

   It has a curse which improves the following skills: Companions: Summonings
   and Necromancy.
   Elements:  Fire Magic, Ice Magic, Air Magic and Earth Magic.
Missiles
 p - 9 curare-tipped darts
Armour
 c - the cursed +2 cloak of Ashenzari's Augurer (worn) {Stlth+, Dev, Elem}
   (You took it off Maurice on level 12 of the Dungeon)

   It has a curse which improves the following skills: Devices: Evocations and
   Shapeshifting.
   Elements:  Fire Magic, Ice Magic, Air Magic and Earth Magic.
 i - the cursed +0 pair of boots of Ashenzari's Vision (melded) {Cun, Sorc}
   (You found it on level 13 of the Dungeon)

   It has a curse which improves the following skills: Cunning: Dodging and
   Stealth.
   Sorcery:   Conjurations and Alchemy.
 v - the cursed +0 kite shield of the Astrological Sun (worn) {Dex+5 Stlth-, Sorc, Bglg}
   (You bought it in a shop on level 2 of the Orcish Mines)

   Dex+5:     It affects your dexterity (+5).
   Stlth-:    It makes you less stealthy.
   It has a curse which improves the following skills: Sorcery: Conjurations and
   Alchemy.
   Beguiling: Hexes and Translocations.
 w - the cursed +5 ring mail of Ouranomancy (melded) {Will+, Comp, Bglg}
   (You bought it in a shop on level 2 of the Orcish Mines)

   Will+:     It increases your willpower.
   It has a curse which improves the following skills: Companions: Summonings
   and Necromancy.
   Beguiling: Hexes and Translocations.
 H - the cursed +2 hood of the Assassin (worn) {Detect Stab+ Stlth++, Self, Comp}
   (You found it on level 1 of the Vaults)

   Detect:    It allows the wearer to sense nearby creatures.
   Stab+:     It allows the wearer to make particularly effective stabbing
   attacks against helpless or unaware enemies with any weapon.
   Stlth++:   It makes you much more stealthy.
   It has a curse which improves the following skills: Introspection: Fighting
   and Spellcasting.
   Companions: Summonings and Necromancy.
 R - the cursed +1 pair of gloves "Gaze Upon Infinity" (melded) {Sorc, Melee}
   (You found it on level 10 of the Dungeon)

   It has a curse which improves the following skills: Sorcery: Conjurations and
   Alchemy.
   Melee Combat: Short Blades, Long Blades, Axes, Maces & Flails, Polearms,
   Staves and Unarmed Combat.
Jewellery
 b - the amulet of Yendor {Acrobat *Corrode Dex+6 SInv}
   (You found it on level 5 of the Pits of Slime)

   [amulet of the acrobat]

   Acrobat:   It increases your evasion while moving and waiting.
   Dex+6:     It affects your dexterity (+6).
   SInv:      It lets you see invisible.
   *Corrode:  It may corrode you when you take damage.
 j - a ring of willpower
 k - the cursed ring "Chained Fetters" (right fist) {Wiz, Range, Comp}
   (You found it on level 2 of the Dungeon)

   [ring of wizardry]

   Wiz:       It improves your spell success rate.
   It has a curse which improves the following skills: Ranged Combat: Ranged
   Weapons and Throwing.
   Companions: Summonings and Necromancy.
 m - a ring of protection from cold
 o - a +6 ring of strength
 r - the ring of the Queen {rCorr Str+6 SInv}
   (You found it on level 1 of the Vaults)

   [ring of strength]

   Str+6:     It affects your strength (+6).
   SInv:      It lets you see invisible.
   rCorr:     It protects you from acid and corrosion.
 s - an amulet of reflection
 t - a ring of willpower
 u - a ring of magical power
 E - a ring of protection from cold
 J - the cursed ring "Ensconced Together" (left fist) {Int+6, Dev, Self}
   (You took it off a deep elf annihilator on level 1 of the Vaults)

   [ring of intelligence]

   Int+6:     It affects your intelligence (+6).
   It has a curse which improves the following skills: Devices: Evocations and
   Shapeshifting.
   Introspection: Fighting and Spellcasting.
 S - a ring of protection from fire
 U - a ring of protection from fire
 V - a +5 ring of evasion
 Y - the cursed amulet of Supernal Wisdom (around neck) {RegenMP+, Elem, Cun}
   (You found it on level 1 of the Vaults)

   [amulet of magic regeneration]

   It increases your rate of magic regeneration.
   RegenMP+:  It increases your rate of magic regeneration.
   It has a curse which improves the following skills: Elements: Fire Magic, Ice
   Magic, Air Magic and Earth Magic.
   Cunning:   Dodging and Stealth.
Talismans
 L - a granite talisman (active)
Wands
 n - a wand of paralysis (43)
 B - a wand of digging (25)
 F - a wand of flame (84)
 M - a wand of mindburst (17)
 N - a wand of iceblast (36)
 X - a wand of quicksilver (5)
Scrolls
 e - 4 scrolls of vulnerability
 y - 13 scrolls of teleportation
 C - 5 scrolls of silence
 D - 2 scrolls of revelation
 O - 4 scrolls of fear
 Q - a scroll of torment
 W - 3 scrolls of poison
Potions
 f - 2 potions of berserk rage
 g - 5 potions of haste
 h - 8 potions of attraction
 l - 6 potions of brilliance
 q - 7 potions of lignification
 z - 4 potions of enlightenment
 A - 10 potions of curing
 G - a potion of cancellation
 I - 3 potions of ambrosia
 T - 4 potions of mutation
Miscellaneous
 d - a box of beasts (quivered)
 x - a phantom mirror (inert)
 K - a lightning rod (4/4)


   Skills:
 + Level 15.6(19.1) Fighting
 + Level 15.6 Short Blades
 + Level 15.6 Long Blades
 + Level 15.6 Axes
 + Level 15.6 Maces & Flails
 + Level 15.6 Polearms
 + Level 15.6 Staves
 + Level 15.6(17.9) Ranged Weapons
 + Level 15.6(17.9) Throwing
 + Level 15.6 Armour
 + Level 16.2(18.5) Dodging
 + Level 16.1(18.4) Stealth
 + Level 15.6 Shields
 + Level 15.6 Unarmed Combat
 + Level 16.3(19.8) Spellcasting
 + Level 13.3(15.6) Conjurations
 + Level 13.3(15.6) Hexes
 + Level 14.9(19.5) Summonings
 + Level 13.3(18.0) Necromancy
 + Level 13.3(15.6) Translocations
 + Level 13.3(18.0) Fire Magic
 + Level 13.3(18.0) Ice Magic
 + Level 13.3(18.0) Air Magic
 + Level 13.3(18.0) Earth Magic
 + Level 13.3(15.6) Alchemy
 + Level 16.9 Invocations
 + Level 15.6(19.1) Evocations
 + Level 14.4(17.9) Shapeshifting


You had 6 spell levels left.
You knew the following spells:

 Your Spells              Type           Power      Damage    Failure   Level
d - Summon Blazeheart Go  Fire/Summ      89%        N/A       0%          4
e - Summon Lightning Spi  Summ/Air       89%        N/A       0%          4
f - Summon Mana Viper     Hex/Summ       87%        N/A       1%          5
g - Monstrous Menagerie   Summ           45%        N/A       1%          7
A - Animate Dead          Necr           88%        N/A       0%          4
D - Death Channel         Necr           44%        N/A       1%          6
F - Freezing Cloud        Conj/Ice/Air   43%        6-21      1%          5
H - Haunt                 Necr/Summ      44%        N/A       1%          7
I - Infestation           Necr           44%        N/A       6%          8
N - Anguish               Hex/Necr       42%        N/A       1%          4

Your spell library contained the following spells:

 Spells                   Type           Power      Damage    Failure   Level
 Apportation              Tloc           100%       N/A       0%          1
 Foxfire                  Conj/Fire      100%       2x1d9     0%          1
 Freeze                   Ice            100%       1d10      0%          1
 Kiss of Death            Conj/Necr      100%       2d13      0%          1
 Magic Dart               Conj           100%       1d8       0%          1
 Necrotise                Necr           100%       1d9       0%          1
 Slow                     Hex            100%       N/A       0%          1
 Sting                    Conj/Alch      100%       1d9       0%          1
 Summon Small Mammal      Summ           100%       N/A       0%          1
 Call Imp                 Summ           100%       N/A       0%          2
 Cigotuvi's Dreadful Rot  Necr/Alch/Air  100%       N/A       0%          2
 Mercury Vapours          Alch/Air       100%       N/A       0%          2
 Searing Ray              Conj           100%       2d8       0%          2
 Call Canine Familiar     Summ           91%        N/A       0%          3
 Confusing Touch          Hex            82%        N/A       0%          3
 Frozen Ramparts          Ice            100%       1d16      0%          3
 Fugue of the Fallen      Necr           88%        N/A       0%          3
 Gell's Gravitas          Tloc           82%        N/A       0%          3
 Hailstorm                Conj/Ice       85%        3d14      0%          3
 Mephitic Cloud           Conj/Alch/Air  84%        N/A       0%          3
 Ozocubu's Armour         Ice            88%        N/A       0%          3
 Sigil of Binding         Hex            82%        N/A       0%          3
 Stone Arrow              Conj/Erth      100%       3d13      0%          3
 Summon Ice Beast         Ice/Summ       89%        N/A       0%          3
 Teleport Other           Tloc           82%        N/A       0%          3
 Vampiric Draining        Necr           88%        2d12      0%          3
 Volatile Blastmotes      Fire/Tloc      100%       2d18      0%          3
 Animate Armour           Summ/Erth      100%       N/A       0%          4
 Dispel Undead            Necr           88%        3d28      0%          4
 Cause Fear               Hex            41%        N/A       1%          4
 Dimensional Bullseye     Hex/Tloc       41%        N/A       1%          4
 Fulminant Prism          Conj/Alch      41%        3d19      1%          4
 Ignite Poison            Fire/Alch      85%        N/A       1%          4
 Iskenderun's Mystic Bla  Conj/Tloc      82%        2d16      1%          4
 Leda's Liquefaction      Alch/Erth      42%        N/A       1%          4
 Manifold Assault         Tloc           82%        N/A       1%          4
 Borgnjor's Vile Clutch   Necr/Erth      44%        N/A       1%          5
 Lee's Rapid Deconstruct  Erth           44%        3d21*     1%          5
 Metabolic Englaciation   Hex/Ice        42%        N/A       1%          5
 Yara's Violent Unravell  Hex/Alch       41%        3d16      1%          5
 Bombard                  Conj/Erth      42%        9d7       1%          6
 Dispersal                Tloc           41%        N/A       1%          6
 Plasma Beam              Fire/Air       44%        2x1d58    1%          6
 Sculpt Simulacrum        Ice/Alch       42%        N/A       1%          6
 Starburst                Conj/Fire      42%        6d12      1%          6
 Enfeeble                 Hex            41%        N/A       1%          7
 Ozocubu's Refrigeration  Ice            44%        4d17      1%          7
 Lehudib's Crystal Spear  Conj/Erth      42%        10d10     10%         8
 Disjunction              Tloc           41%        N/A       16%         8
 Dragon's Call            Summ           45%        N/A       41%         9
 Polar Vortex             Ice            44%        12d5*     63%         9


Dungeon Overview and Level Annotations

Branches:
Dungeon (15/15)            Temple (1/1) D:5            Lair (5/5) D:10
  Swamp (4/4) Lair:2        Snake (4/4) Lair:2        Slime (5/5) Lair:5
    Orc (2/2) D:9             Elf (0/3) Orc:2        Vaults (4/5) D:14
  Crypt (0/3) Vaults:3     Depths (0/4) D:15        Ossuary (visited)
  IceCv (visited)

Altars:
Ashenzari
Cheibriados
Dithmenos
Elyvilon
Fedhas
Gozag
Hepliaklqana
Kikubaaqudgha
Makhleb
Nemelex Xobeh
Okawaru
Qazlal
Ru
Sif Muna
Trog
Uskayaw
Vehumet
Wu Jian
Xom
Yredelemnul
Zin
The Shining One
Beogh
Jiyva

Shops:
D:3 (:**   D:8 !   Orc:2 [*=*   Snake:1 ![   Snake:3 **(   Snake:4 ==:(
Vaults:1 [**   Vaults:2 (

Portals:
Pandemonium: Orc:2

Annotations:
Lair:4 1 runed translucent door, jestert79's ghost, journeyman CoAr
Snake:4 6 transporters


Innate Abilities, Weirdness & Mutations

You are a living statue of rough stone.
Your actions are slow, but your melee attacks are powerful.
You are resistant to unholy torment.
Your maximum health is greatly increased.
Your equipment is partially melded.
You are immune to poison.
You have very sharp teeth.
Your uncanny sense of smell can sniff out nearby items.
Your experience applies equally to all skills.


Message History

You feel much better.
The azure jelly hits your slime creature but does no damage.
The azure jelly hits your slime creature.
The azure jelly freezes your slime creature!!
The azure jelly hits your slime creature! x2
The rockslime completely misses you. The rockslime barely misses you.
Your slime creature hits the azure jelly.
The azure jelly hits your slime creature.
The azure jelly freezes your slime creature!!
Your slime creature dies!
Your slime creature dissolves into shadows!
Your large slime creature hits the azure jelly!!!
The rockslime misses you. The rockslime hits you!!
* * * LOW HITPOINT WARNING * * *
You stumble backwards!
Okay, then.
Okay, then.
Okay, then.
Okay, then.
Okay, then.
Okay, then.
Casting: Death Channel (mildly dangerous; 1% risk of failure)
Confirm with . or Enter, or press ? or * to list all spells.
Aiming: Haunt (mildly dangerous; 1% risk of failure)
Press: ? - help, Dir - move target, f - rockslime
Aim: a rockslime (lightly wounded, weak-willed) Insubstantial figures form in the air.
Your reaping aura is weakening.
The rockslime misses you.
Your eye of devastation gazes at the rockslime.
The bolt of devastation hits the rockslime!!
The bolt of devastation hits the rockslime!!!
You swap places.
The rockslime hits your wraith!!!
Your wraith holds its ground!
Your wraith is destroyed!
Your wraith disappears in a puff of smoke!
You block the azure jelly's attack. The azure jelly hits you.
* * * LOW HITPOINT WARNING * * *
The azure jelly freezes you!!!
You die...

#...........# #...# ##...........
###.......######.######..........
,*#.)..".%##.......#.#...........
.##?.[)).[##.....................
..##.|.|.##..................J...
...#?.)..#..GJ...................
..###)..###.....J................
....#(([##....WJJ........JJ...<..
....##=###......I...............J
.....#[#.........................
....#####........................
.....#*..........................
....##*#.........................
...#.# #.........................
.###*# *###......................
#### ##.#..........,,,,,,,,* ####
***,,,,,,,,,,,,,,,,,**


You could see an azure jelly (ally target), 2 rockslimes, a friendly large slime
creature (summoned), a friendly eye of devastation (summoned) and a friendly
wraith (summoned).

Vanquished Creatures
  the Royal Jelly (Slime:5)
  A golden dragon (Vaults:1)
  2 tentacled monstrosities (Swamp:4)
  Mlioglotl (Snake:1)
  6 acid blobs
  An ancient champion (Vaults:3)
  A sphinx (Vaults:3)
  Agnes (Snake:3)
  Roxanne (D:14)
  A tengu reaver (Vaults:2)
  Donald (Orc:2)
  4 nagarajas
  4 vault wardens
  2 fenstrider witches (Swamp:4)
  3 azure jellies (Slime:5)
  3 rockslimes
  2 ghouls (Vaults:3)
  A deep elf sorcerer (Vaults:1)
  A frost giant (Vaults:1)
  4 ironbound preservers
  2 orc warlords
  A reaper (IceCv)
  2 formless jellyfish (Vaults:2)
  5 ironbound thunderhulks
  8 quicksilver oozes (Slime:5)
  A very ugly thing (Vaults:1)
  The ghost of Ithuta Obua the Bludgeoner, a journeyman MiBe of Trog (D:13)
  A green draconian (Vaults:1)
  7 eleionomae
  4 bunyips
  7 dire elephants
  3 war gargoyles
  3 deep elf annihilators (Vaults:1)
  An ettin (Vaults:1)
  An acid blob zombie (Slime:5)
  4 yaktaur captains
  A hell beast (Swamp:4)
  5 salamander tyrants
  A great orb of eyes (Slime:1)
  Harold (Orc:1)
  13 hydras
  3 ironbound frosthearts
  2 demonspawn (Orc:2)
  5 alligators
  An ogre mage (D:15)
  5 ghost crabs
  3 catoblepae
  14 vault guards
  5 anacondas
  2 boulder beetles
  5 centaur warriors
  7 nameless horrors
  A tengu warrior (D:10)
  13 death yaks
  A death knight (D:15)
  A deep troll shaman (Lair:5)
  2 orc high priests (Orc:2)
  A deep troll earth mage (D:15)
  10 naga warriors
  6 shock serpents
  A sun demon (Orc:2)
  A soul eater (Swamp:3)
  4 naga sharpshooters
  A sixfirhy (Swamp:4)
  A skyshark (Lair:5)
  2 spriggans
  4 skeletal warriors (D:13)
  2 salamander mystics
  A glowing orange brain (Slime:1)
  4 spriggan druids
  5 goliath frogs
  17 deep trolls
  4 swamp dragons
  2 bog bodies
  3 mana vipers
  7 naga ritualists
  A harpy (Vaults:4)
  An arcanist (Vaults:2)
  An oklob plant (Snake:2)
  8 ironbound convokers
  4 orc knights
  2 deep elf pyromancers
  3 phantasmal warriors
  8 orc sorcerers
  A wolf spider (D:15)
  7 lindwurms
  6 ugly things
  2 deep elf zephyrmancers
  A will-o-the-wisp (Swamp:2)
  15 salamanders
  5 manticores
  2 kobold blastminers (Orc:2)
  3 cyclopes
  2 guardian serpents
  A meliai (D:15)
  12 elephants
  3 naga magi
  32 black mambas
  A torpor snail (Lair:3)
  10 cane toads
  3 vault sentinels
  A gargoyle (D:10)
  3 rime drakes
  2 freezing wraiths
  5 komodo dragons
  7 yaktaurs
  An anaconda simulacrum (IceCv)
  A tengu conjurer (D:10)
  4 trolls
  3 polar bears
  4 tyrant leeches
  3 hornets
  9 blink frogs
  2 glass eyes
  58 slime creatures
  2 shadows
  A black mamba zombie (Snake:4)
  Sigmund (D:6)
  A centaur simulacrum (D:14)
  2 wyverns
  A dire elephant simulacrum (IceCv)
  38 yaks
  4 wraiths
  5 basilisks
  A slime creature zombie (Slime:1)
  2 death yak simulacra (IceCv)
  A steam dragon (D:9)
  4 vampire mosquitoes
  A harpy simulacrum (IceCv)
  14 swamp worms
  2 acid dragons
  27 nagas
  5 water moccasins
  A meliai simulacrum (D:14)
  3 swamp drakes (Swamp:3)
  8 orc warriors
  4 black bears
  2 ice beasts
  An ogre (D:6)
  13 wolves
  2 centaurs
  A yaktaur zombie (Vaults:1)
  A phantom (D:9)
  A naga zombie (Snake:4)
  A kobold brigand (D:10)
  8 bullfrogs
  2 two-headed ogre simulacra (IceCv)
  2 cane toad simulacra (IceCv)
  2 scorpions
  4 wights (D:9)
  An elephant simulacrum (IceCv)
  2 troll zombies (D:9)
  9 killer bees
  5 electric eels
  2 centaur zombies (D:7)
  5 hounds
  2 gnoll boudas
  5 orc priests
  4 orc wizards
  An iguana (D:5)
  3 spriggan simulacra (IceCv)
  5 troll simulacra (IceCv)
  2 polar bear simulacra (IceCv)
  A killer bee zombie (D:7)
  A wolf simulacrum (IceCv)
  4 ogre zombies (D:9)
  A mummy (Ossuary)
  4 gnolls
  2 adders
  2 naga simulacra (IceCv)
  2 white imps (IceCv)
  An ufetubus (IceCv)
  17 orcs
  2 ball pythons
  2 bats (D:1)
  5 endoplasms
  2 hobgoblins (D:4)
  A jackal (D:8)
  3 kobolds
  6 quokkas
  A ball python zombie (Ossuary)
  A gnoll zombie (Ossuary)
  2 goblins
  A kobold zombie (Ossuary)
  An orc skeleton (D:9)
  3 orc zombies (D:9)
  3 rats
778 creatures vanquished.

Vanquished Creatures (collateral kills)
  A golden dragon (Vaults:1)
  2 sphinxes
  23 acid blobs
  A fenstrider witch (Swamp:4)
  8 rockslimes
  9 azure jellies
  The ghost of Rualuul the Phalangite, an adept MfBe of Trog (Swamp:3)
  5 nagarajas (Snake:4)
  A fire giant (Vaults:1)
  5 vault wardens
  A deep elf sorcerer (Vaults:1)
  A ghoul (Swamp:4)
  An angel (Vaults:1)
  9 ironbound preservers
  5 formless jellyfish
  6 ironbound thunderhulks
  5 quicksilver oozes
  An eleionoma (Swamp:4)
  A deep elf demonologist (Vaults:1)
  A bunyip (Swamp:4)
  4 dire elephants
  A deep elf high priest (Vaults:1)
  An entropy weaver (Vaults:3)
  A shambling mangrove (Swamp:4)
  3 yaktaur captains
  13 great orbs of eyes
  A hell beast (Swamp:4)
  2 hydras
  10 vault guards
  2 alligators (Swamp:1)
  2 salamander tyrants (Snake:4)
  5 ironbound frosthearts
  A peacekeeper (Vaults:2)
  A demonspawn (Orc:2)
  2 anacondas (Snake:3)
  3 two-headed ogres
  A boulder beetle (D:11)
  2 ogre magi (Swamp:4)
  A death knight (D:15)
  A catoblepas (Lair:4)
  6 death yaks
  4 orc high priests (Orc:2)
  3 naga warriors
  Urug (D:10)
  A spriggan berserker (Swamp:4)
  A shock serpent (Snake:2)
  A naga sharpshooter (Snake:2)
  A salamander mystic (Snake:3)
  2 soul eaters
  9 deep trolls
  5 arcanists
  A naga ritualist (Snake:4)
  3 spriggan druids (Swamp:4)
  A swamp dragon (Vaults:1)
  5 mana vipers
  3 phantasmal warriors
  12 ironbound convokers
  A necromancer (Vaults:4)
  2 orc knights
  9 lindwurms
  2 harpies (Vaults:4)
  4 orc sorcerers
  Maurice (D:12)
  A deep elf zephyrmancer (D:14)
  2 cyclopes (D:12)
  4 ugly things
  3 salamanders
  2 manticores
  3 shining eyes
  8 elephants
  A guardian serpent (Vaults:1)
  8 black mambas
  A meliai (D:10)
  5 eyes of devastation
  A guardian serpent (shapeshifter) (Vaults:1)
  An ice statue (IceCv)
  A gargoyle (D:12)
  5 naga magi (Snake:4)
  11 vault sentinels
  2 cane toads
  A smoke demon (Swamp:4)
  The ghost of bakla the Shooter, a novice CoHs (D:4)
  3 efreet
  4 rime drakes
  3 kobold demonologists
  3 unseen horrors
  3 orange demons
  12 yaktaurs
  4 komodo dragons
  A red devil (Orc:2)
  A troll (D:10)
  2 hellwings (Swamp:4)
  2 hornets
  10 blink frogs
  A polar bear (Lair:2)
  A tarantella (shapeshifter) (Vaults:1)
  5 glass eyes
  7 dream sheep (Lair:5)
  70 slime creatures
  A shadow (D:10)
  A wraith (D:11)
  A centaur simulacrum (D:15)
  16 yaks
  A spriggan (Swamp:4)
  4 basilisks
  7 golden eyes
  Grum (D:8)
  3 vampire mosquitoes
  4 chaos spawn (Swamp:4)
  12 nagas
  A death yak simulacrum (IceCv)
  An acid dragon (D:12)
  4 nameless horrors
  10 water moccasins
  2 black bears
  A sky beast (D:6)
  12 orc warriors
  4 ogres
  A centaur (D:8)
  10 wolves
  3 phantoms
  A weeping skull (D:7)
  3 kobold brigands
  7 bullfrogs
  A brain worm (Lair:4)
  3 two-headed ogre simulacra (IceCv)
  2 gnoll sergeants
  4 scorpions
  A burial acolyte (Ossuary)
  5 wights
  11 killer bees
  2 elephant simulacra (IceCv)
  A bombardier beetle (D:4)
  3 howler monkeys
  2 jellies
  A centaur zombie (Ossuary)
  5 hounds
  2 human zombies
  22 orc priests
  2 iguanas
  7 hell rats
  2 spriggan simulacra (IceCv)
  A troll simulacrum (IceCv)
  9 orc wizards
  A wolf simulacrum (IceCv)
  A killer bee zombie (D:7)
  2 ogre zombies (D:9)
  A crocodile zombie (Ossuary)
  2 hound zombies (Ossuary)
  3 mummies
  14 gnolls
  6 naga simulacra (IceCv)
  4 adders
  A shadow imp (D:7)
  3 white imps
  An ufetubus (IceCv)
  An adder zombie (Ossuary)
  2 dart slugs (D:4)
  2 ribbon worms
  23 orcs
  5 ball pythons
  An endoplasm (D:4)
  2 giant cockroaches
  4 gnoll zombies
  5 goblins
  3 hobgoblins (D:1)
  7 jackals
  17 kobolds
  6 ball python zombies (Ossuary)
  A bat (D:2)
  3 frilled lizards (D:3)
  2 gnoll skeletons (D:9)
  3 jackal zombies (Ossuary)
  5 kobold zombies (Ossuary)
  An orc skeleton (D:9)
  17 orc zombies
  A rat (D:1)
  A spectral orc (D:7)
763 creatures vanquished.

Vanquished Creatures (others)
  2 vault wardens
  An eleionoma (Swamp:2)
  2 dire elephants (Vaults:4)
  3 acid blob zombies
  A very ugly thing zombie (Vaults:1)
  2 yaktaur captains
  An ironbound frostheart (Vaults:3)
  A sphinx zombie (Vaults:3)
  A salamander tyrant (Snake:4)
  3 azure jelly zombies (Slime:5)
  A golden dragon zombie (Vaults:1)
  2 ogre zombies (Vaults:4)
  2 ironbound convokers (Vaults:4)
  2 harpies (Vaults:4)
  An orc knight (Vaults:4)
  A salamander zombie (Snake:4)
  A vault sentinel (Vaults:4)
  A dire elephant zombie (Vaults:4)
  2 mana viper zombies
  3 yaktaurs
  15 human zombies
  5 harpy zombies (Vaults:4)
  3 great orb of eyes zombies
  A bloated husk (Swamp:4)
  An ettin zombie (Vaults:1)
  5 black mamba zombies
  34 slime creature zombies
  7 deep troll zombies
  2 swamp drakes (Swamp:2)
  A laughing skull (Vaults:3)
  3 lindwurm zombies (Vaults:1)
  11 naga zombies
  11 yaktaur zombies
  2 orc wizards (D:10)
  A swamp drake zombie (Swamp:3)
  2 orcs
  206 blazeheart cores
  8 foxfires (Swamp:2)
351 creatures vanquished.

Grand Total: 1892 creatures vanquished

Notes
Turn   | Place    | Note
-------+----------+-------------------------------------------
     0 | D:1      | croobank the Gnoll Summoner began the quest for the Orb.
     0 | D:1      | Reached XP level 1. HP: 13/13 MP: 6/6
   108 | D:1      | Reached XP level 2. HP: 15/19 MP: 7/7
   116 | D:1      | Learned a level 2 spell: Call Imp
   285 | D:1      | Found Wav Soats's Magic Scroll Emporium.
   293 | D:1      | Bought a scroll of identify for 28 gold pieces
   531 | D:1      | Reached skill level 5 in Spellcasting
   531 | D:1      | Reached XP level 3. HP: 19/25 MP: 5/9
  1262 | D:2      | Reached skill level 1 in Invocations
  1671 | D:2      | Reached skill level 1 in Fighting
  1671 | D:2      | Reached skill level 1 in Short Blades
  1671 | D:2      | Reached skill level 1 in Long Blades
  1671 | D:2      | Reached skill level 1 in Axes
  1671 | D:2      | Reached skill level 1 in Maces & Flails
  1671 | D:2      | Reached skill level 1 in Polearms
  1671 | D:2      | Reached skill level 1 in Staves
  1671 | D:2      | Reached skill level 1 in Ranged Weapons
  1671 | D:2      | Reached skill level 1 in Throwing
  1671 | D:2      | Reached skill level 1 in Armour
  1671 | D:2      | Reached skill level 1 in Shields
  1671 | D:2      | Reached skill level 1 in Unarmed Combat
  1671 | D:2      | Reached skill level 1 in Evocations
  1724 | D:2      | Found a faded altar of an unknown god.
  2458 | D:3      | Learned a level 3 spell: Call Canine Familiar
  2462 | D:3      | Reached skill level 1 in Shapeshifting
  2462 | D:3      | Reached XP level 4. HP: 32/32 MP: 3/11
  2668 | D:3      | Found Ekihak's General Store.
  2677 | D:3      | Found a sparkling altar of Nemelex Xobeh.
  2695 | D:3      | Bought a scroll of identify for 28 gold pieces
  2701 | D:3      | Found Loxotar's General Store.
  2786 | D:3      | Found Itangosy's Antique Weapon Shoppe.
  2788 | D:3      | Found Wacsojargh's Book Emporium.
  2893 | D:3      | Reached skill level 1 in Conjurations
  2893 | D:3      | Reached skill level 1 in Hexes
  2893 | D:3      | Reached skill level 1 in Necromancy
  2893 | D:3      | Reached skill level 1 in Translocations
  2893 | D:3      | Reached skill level 1 in Fire Magic
  2893 | D:3      | Reached skill level 1 in Ice Magic
  2893 | D:3      | Reached skill level 1 in Air Magic
  2893 | D:3      | Reached skill level 1 in Earth Magic
  2893 | D:3      | Reached skill level 1 in Alchemy
  3332 | D:4      | Reached XP level 5. HP: 37/37 MP: 5/12
  3707 | D:4      | Noticed a phantom
  3724 | D:4      | Learned a level 4 spell: Summon Blazeheart Golem
  3725 | D:4      | Killed a phantom
  3726 | D:4      | Reached skill level 5 in Dodging
  3726 | D:4      | Reached XP level 6. HP: 44/44 MP: 11/14
  4264 | D:4      | Found a runed translucent door.
  4264 | D:4      | Noticed bakla's ghost (novice CoHs)
  4685 | D:4      | Reached XP level 7. HP: 51/51 MP: 7/15
  4875 | D:4      | Killed bakla's ghost
  4876 | D:4      | Reached skill level 5 in Stealth
  4977 | D:5      | Entered Level 5 of the Dungeon
  5061 | D:5      | Found an ornate altar of the Wu Jian Council.
  5072 | D:5      | Reached XP level 8. HP: 58/58 MP: 12/16
  5120 | D:5      | Found a staircase to the Ecumenical Temple.
  5161 | D:5      | Found a sand-covered staircase.
  5167 | Ossuary  | Entered an ossuary
  6200 | D:6      | Noticed Sigmund
  6229 | D:6      | Killed Sigmund
  6384 | D:6      | Reached XP level 9. HP: 65/65 MP: 18/18
  6468 | D:6      | Learned a level 4 spell: Summon Lightning Spire
  7127 | D:7      | Reached skill level 5 in Invocations
  7377 | D:7      | Identified the +0 leather armour of Serendipity {Dex+4
                  | Slay-6 SInv}
  7402 | D:7      | Reached skill level 5 in Fighting
  7402 | D:7      | Reached skill level 5 in Short Blades
  7402 | D:7      | Reached skill level 5 in Long Blades
  7402 | D:7      | Reached skill level 5 in Axes
  7402 | D:7      | Reached skill level 5 in Maces & Flails
  7402 | D:7      | Reached skill level 5 in Polearms
  7402 | D:7      | Reached skill level 5 in Staves
  7402 | D:7      | Reached skill level 5 in Ranged Weapons
  7402 | D:7      | Reached skill level 5 in Throwing
  7402 | D:7      | Reached skill level 5 in Armour
  7402 | D:7      | Reached skill level 5 in Shields
  7402 | D:7      | Reached skill level 5 in Unarmed Combat
  7402 | D:7      | Reached skill level 5 in Evocations
  7402 | D:7      | Reached XP level 10. HP: 47/74 MP: 2/20
  7597 | D:7      | Found a bloodstained altar of Trog.
  7598 | D:7      | Found a blossoming altar of Fedhas.
  7635 | D:7      | Found a sacrificial altar of Ru.
  7800 | D:7      | Found a basalt altar of Yredelemnul.
  8238 | D:8      | Reached skill level 5 in Shapeshifting
  8520 | D:8      | Noticed Grum
  8531 | D:8      | Killed Grum
  8673 | D:8      | HP: 3/76 [poisoned by a hornet]
  9068 | D:8      | Found Edipacw's Distillery.
  9506 | D:9      | Reached skill level 5 in Conjurations
  9506 | D:9      | Reached skill level 5 in Hexes
  9506 | D:9      | Reached skill level 5 in Necromancy
  9506 | D:9      | Reached skill level 5 in Translocations
  9506 | D:9      | Reached skill level 5 in Fire Magic
  9506 | D:9      | Reached skill level 5 in Ice Magic
  9506 | D:9      | Reached skill level 5 in Air Magic
  9506 | D:9      | Reached skill level 5 in Earth Magic
  9506 | D:9      | Reached skill level 5 in Alchemy
  9506 | D:9      | Reached XP level 11. HP: 75/81 MP: 11/22
  9779 | D:9      | Found a staircase to the Orcish Mines.
 10346 | D:9      | Found a radiant altar of Vehumet.
 10598 | D:10     | Entered Level 10 of the Dungeon
 10834 | D:10     | Noticed a sun demon
 11083 | D:10     | Noticed a tengu warrior
 11097 | D:10     | Killed a tengu warrior
 11147 | D:10     | Noticed an arcanist
 11364 | D:3      | Bought a book of Beasts for 504 gold pieces
 11370 | D:3      | Learned a level 5 spell: Summon Mana Viper
 11509 | D:10     | Killed an arcanist
 11518 | D:10     | Noticed a purple ugly thing
 11529 | D:10     | Killed a purple ugly thing
 11760 | D:10     | Noticed a manticore
 11767 | D:10     | Killed a manticore
 12118 | D:10     | Reached XP level 12. HP: 91/91 MP: 13/24
 12182 | D:10     | Noticed a soul eater
 12260 | D:10     | Noticed a two-headed ogre
 12265 | D:10     | Killed a two-headed ogre
 12744 | D:10     | Noticed Urug
 12755 | D:10     | Killed Urug
 12967 | D:10     | Found a staircase to the Lair.
 13701 | D:11     | Noticed a two-headed ogre
 13724 | D:11     | Killed a two-headed ogre
 14188 | D:11     | Noticed a boulder beetle
 14208 | D:11     | Killed a boulder beetle
 14672 | D:12     | Found a broken altar of Ashenzari.
 14793 | D:12     | Noticed Maurice
 14808 | D:12     | Killed Maurice
 15488 | D:13     | Found a frozen archway.
 15618 | IceCv    | Entered an ice cave
 16457 | IceCv    | Reached XP level 13. HP: 98/98 MP: 18/26
 16713 | IceCv    | Noticed a reaper
 16747 | IceCv    | Killed a reaper
 16748 | IceCv    | Reached skill level 10 in Summonings
 17272 | D:13     | Found a runed translucent door.
 17272 | D:13     | Noticed Ithuta Obua's ghost (journeyman MiBe)
 17272 | D:13     | Found the +2 Maxwell's thermic engine {flame, freeze, rev}
 17392 | Lair:1   | Entered Level 1 of the Lair of Beasts
 17752 | D:1      | Bought a scroll of identify for 28 gold pieces
 17752 | D:1      | Bought a scroll of amnesia for 56 gold pieces
 17752 | D:1      | Bought a scroll of identify for 28 gold pieces
 17752 | D:1      | Bought a scroll of blinking for 105 gold pieces
 18913 | Lair:1   | Reached skill level 10 in Spellcasting
 19207 | Lair:2   | Noticed an eleionoma
 19207 | Lair:2   | Found a staircase to the Swamp.
 19221 | Lair:2   | Killed an eleionoma
 19302 | Lair:2   | Upgraded the game from 0.32-a0-656-g3542139ebd to
                  | 0.32-a0-666-ge8a88695a4
 19333 | Lair:2   | Reached skill level 10 in Dodging
 19991 | Temple   | Entered the Ecumenical Temple
 19998 | Temple   | Became a worshipper of Ashenzari the Shackled
 20362 | Lair:2   | Reached skill level 10 in Stealth
 20368 | Lair:2   | Found a staircase to the Snake Pit.
 21789 | Lair:2   | Reached skill level 10 in Invocations
 21789 | Lair:2   | Reached XP level 14. HP: 78/108 MP: 28/28
 22322 | Lair:3   | Reached * piety under Ashenzari
 23213 | Lair:4   | Reached ** piety under Ashenzari
 23407 | Lair:4   | Noticed Sonja
 23451 | Lair:4   | Sonja changed into Sonja the brain worm
 23451 | Lair:4   | Noticed Sonja
 23456 | Lair:4   | Killed Sonja the brain worm
 24297 | Lair:4   | Found a runed translucent door.
 24297 | Lair:4   | Found a shimmering altar of Xom.
 24300 | Lair:4   | Noticed jestert79's ghost (journeyman CoAr)
 24621 | Lair:5   | Entered Level 5 of the Lair of Beasts
 25301 | Lair:5   | Reached *** piety under Ashenzari
 25337 | Lair:5   | Reached skill level 10 in Fighting
 25337 | Lair:5   | Reached skill level 10 in Short Blades
 25337 | Lair:5   | Reached skill level 10 in Long Blades
 25337 | Lair:5   | Reached skill level 10 in Axes
 25337 | Lair:5   | Reached skill level 10 in Maces & Flails
 25337 | Lair:5   | Reached skill level 10 in Polearms
 25337 | Lair:5   | Reached skill level 10 in Staves
 25337 | Lair:5   | Reached skill level 10 in Ranged Weapons
 25337 | Lair:5   | Reached skill level 10 in Throwing
 25337 | Lair:5   | Reached skill level 10 in Armour
 25337 | Lair:5   | Reached skill level 10 in Shields
 25337 | Lair:5   | Reached skill level 10 in Unarmed Combat
 25337 | Lair:5   | Reached skill level 10 in Evocations
 25657 | Lair:5   | Reached XP level 15. HP: 86/115 MP: 16/30
 26604 | Lair:5   | Identified the +4 scale mail "Beloafo" {rElec Int+4}
 26663 | Lair:5   | Found a viscous altar of Jiyva.
 26663 | Lair:5   | Found a staircase to the Slime Pits.
 26865 | Lair:5   | Reached **** piety under Ashenzari
 27827 | Lair:5   | Identified the scarf of the Swamp {repulsion, Str+3}
 27828 | Lair:5   | Identified the +2 trident of Evisceration {drain, *Noise
                  | Will++ Dex+5}
 28664 | D:13     | Identified the +1 bardiche of Drought {heavy, rC+++ SInv}
 29062 | D:13     | Killed Ithuta Obua's ghost
 30042 | Orc:1    | Entered Level 1 of the Orcish Mines
 30191 | Orc:2    | Entered Level 2 of the Orcish Mines
 30217 | Orc:2    | Found a staircase to the Elven Halls.
 30377 | Orc:1    | Noticed Harold
 30392 | Orc:1    | Killed Harold
 31015 | Orc:2    | Learned a level 7 spell: Monstrous Menagerie
 31511 | Orc:2    | Found Ynaxalou's General Store.
 31760 | Orc:2    | Found Gatroi's General Store.
 31903 | Orc:2    | Paralysed by an orc sorcerer for 2 turns
 31927 | Orc:2    | Reached skill level 10 in Shapeshifting
 32129 | Orc:2    | Reached XP level 16. HP: 50/124 MP: 2/32
 32948 | Orc:2    | Paralysed by an orc sorcerer for 2 turns
 32959 | Orc:2    | Found Matunuch's Jewellery Shoppe.
 32959 | Orc:2    | Found Dieligil's Antique Armour Emporium.
 32959 | Orc:2    | Found a one-way gate leading to the halls of Pandemonium.
 32963 | Orc:2    | Bought a transparent kite shield for 332 gold pieces
 32963 | Orc:2    | Identified the +0 kite shield of Distant Shores {Dex+5
                  | Stlth-} (You bought it in a shop on level 2 of the Orcish
                  | Mines)
 33032 | Orc:2    | Bought a scroll of immolation for 56 gold pieces
 33034 | Orc:2    | Bought the +5 ring mail "Taaxt" {Will+} for 582 gold pieces
 33297 | Orc:2    | Found a roughly hewn altar of Beogh.
 33316 | Orc:2    | Noticed Donald
 33338 | Orc:2    | Killed Donald
 33961 | D:14     | Noticed Roxanne
 33988 | D:14     | Killed Roxanne
 34259 | D:14     | Found a gate to the Vaults.
 34816 | D:14     | Found the +5 Storm Queen's Shield {shock, Fly rElec}
 35269 | D:14     | Found a white marble altar of Elyvilon.
 35587 | D:15     | Entered Level 15 of the Dungeon
 36155 | D:15     | Found a staircase to the Depths.
 37126 | Snake:1  | Entered Level 1 of the Snake Pit
 37317 | D:3      | Bought a Trismegistus Codex for 392 gold pieces
 37323 | D:3      | Learned a level 5 spell: Freezing Cloud
 37534 | Snake:1  | Reached ***** piety under Ashenzari
 37827 | Snake:1  | Noticed Mlioglotl
 37838 | Snake:1  | Killed Mlioglotl
 38723 | Snake:1  | Reached XP level 17. HP: 133/133 MP: 24/33
 39001 | Snake:1  | Found Xatojyna's Armour Emporium.
 39001 | Snake:1  | Found Ataafame's Distillery.
 39001 | Snake:1  | Identified a scroll of acquirement
 39051 | Snake:1  | Bought 2 potions of brilliance for 112 gold pieces
 39051 | Snake:1  | Bought a potion of brilliance for 56 gold pieces
 39051 | Snake:1  | Bought a potion of heal wounds for 70 gold pieces
 39159 | Snake:1  | Reached skill level 10 in Conjurations
 39159 | Snake:1  | Reached skill level 10 in Hexes
 39159 | Snake:1  | Reached skill level 10 in Necromancy
 39159 | Snake:1  | Reached skill level 10 in Translocations
 39159 | Snake:1  | Reached skill level 10 in Fire Magic
 39159 | Snake:1  | Reached skill level 10 in Ice Magic
 39159 | Snake:1  | Reached skill level 10 in Air Magic
 39159 | Snake:1  | Reached skill level 10 in Earth Magic
 39159 | Snake:1  | Reached skill level 10 in Alchemy
 39222 | Snake:1  | Identified the +11 scimitar of Mompi {elec, Str+4}
 40253 | Snake:2  | Identified the +11 hand axe "Facsasiock" {elec, rCorr}
 40255 | Snake:2  | Found a blossoming altar of Fedhas.
 40564 | Snake:2  | Found an opulent altar of Gozag.
 41875 | Snake:3  | Learned a level 4 spell: Iskenderun's Mystic Blast
 42190 | Snake:3  | Noticed Agnes
 42217 | Snake:3  | Killed Agnes
 42960 | Snake:3  | Learned a level 4 spell: Animate Dead
 42960 | Snake:3  | Acquired 1148 gold pieces
 43219 | Snake:3  | Found Pirche's Weapon Boutique.
 43221 | Snake:3  | Found Owudekku's Assorted Antiques.
 43227 | Snake:3  | Found Guaqef's Assorted Antiques.
 44416 | Snake:4  | Entered Level 4 of the Snake Pit
 44993 | Snake:4  | Found a transporter.
 45013 | Snake:4  | Found a transporter.
 45058 | Snake:4  | Found Recluago's Jewellery Boutique.
 45061 | Snake:4  | Found Johu Fye's Book Shoppe.
 45063 | Snake:4  | Reached XP level 18. HP: 141/141 MP: 22/35
 45063 | Snake:4  | Found Amudismu's Jewellery Boutique.
 45073 | Snake:4  | Bought a book of Death for 880 gold pieces
 45163 | Snake:4  | Found a transporter.
 45165 | Snake:4  | Found Koelobb's Weapon Shoppe.
 45193 | Snake:4  | Found a transporter.
 45220 | Snake:4  | Found a transporter.
 45231 | Snake:4  | Found a transporter.
 46861 | Snake:4  | Got a serpentine rune of Zot
 47130 | Swamp:1  | Entered Level 1 of the Swamp
 49967 | Swamp:3  | Found a runed translucent door.
 50024 | Swamp:3  | Noticed Rualuul's ghost (adept MfBe)
 50129 | Swamp:3  | Killed Rualuul's ghost
 50729 | Swamp:4  | Entered Level 4 of the Swamp
 51914 | Swamp:4  | Noticed a tentacled monstrosity
 51926 | Swamp:4  | Killed a tentacled monstrosity
 52102 | Swamp:4  | Reached XP level 19. HP: 149/149 MP: 14/37
 52528 | Swamp:4  | Noticed a tentacled monstrosity
 52546 | Swamp:4  | Killed a tentacled monstrosity
 53353 | Swamp:4  | Got a decaying rune of Zot
 54012 | Lair:2   | Learned a level 6 spell: Death Channel
 54169 | Vaults:1 | Entered Level 1 of the Vaults
 54333 | Vaults:1 | Found Qeufiveo's Antique Armour Shoppe.
 54840 | Vaults:1 | Found Xaschuxo's Assorted Antiques.
 54847 | Vaults:1 | Bought a scroll of fog for 108 gold pieces
 54850 | Vaults:1 | Found a glowing silver altar of Zin.
 55310 | Vaults:1 | Identified the ring of the Queen {rCorr Str+6 SInv}
 56450 | Vaults:1 | Identified the serpent talisman "Ywatzama" {Dex+5}
 57261 | Vaults:1 | Noticed a golden dragon
 57272 | Vaults:1 | Killed a golden dragon
 57300 | Vaults:1 | Found Qaatzued's General Store.
 57448 | Vaults:1 | Reached skill level 15 in Invocations
 57516 | Vaults:1 | Noticed a golden dragon
 58270 | Vaults:1 | Killed a golden dragon
 58514 | Vaults:1 | Found the +2 hood of the Assassin {Detect Stab+ Stlth++}
 58588 | Vaults:1 | Identified the +0 helmet "Omap" {Str+3 SInv}
 58813 | Vaults:2 | Reached XP level 20. HP: 158/158 MP: 2/38
 60070 | Vaults:2 | Reached skill level 15 in Spellcasting
 60205 | Vaults:2 | Reached ****** piety under Ashenzari
 60704 | Vaults:2 | Found Efoal's Weapon Boutique.
 61186 | Vaults:3 | Reached skill level 15 in Dodging
 61235 | Vaults:3 | Identified the +6 quarterstaff "Onoibbuat" {heavy, Dex+2}
 61678 | Vaults:3 | Reached skill level 15 in Stealth
 61721 | Vaults:3 | Learned a level 4 spell: Anguish
 61832 | Vaults:3 | Found a staircase to the Crypt.
 62113 | Vaults:3 | Reached XP level 21. HP: 177/177 MP: 26/43
 64503 | Snake:1  | Learned a level 7 spell: Haunt
 64749 | D:1      | Learned a level 8 spell: Infestation
 65080 | Slime:1  | Entered Level 1 of the Pits of Slime
 65191 | Slime:1  | Reached skill level 15 in Fighting
 65191 | Slime:1  | Reached skill level 15 in Short Blades
 65191 | Slime:1  | Reached skill level 15 in Long Blades
 65191 | Slime:1  | Reached skill level 15 in Axes
 65191 | Slime:1  | Reached skill level 15 in Maces & Flails
 65191 | Slime:1  | Reached skill level 15 in Polearms
 65191 | Slime:1  | Reached skill level 15 in Staves
 65191 | Slime:1  | Reached skill level 15 in Ranged Weapons
 65191 | Slime:1  | Reached skill level 15 in Throwing
 65191 | Slime:1  | Reached skill level 15 in Armour
 65191 | Slime:1  | Reached skill level 15 in Shields
 65191 | Slime:1  | Reached skill level 15 in Unarmed Combat
 65191 | Slime:1  | Reached skill level 15 in Evocations
 66999 | Slime:4  | Reached XP level 22. HP: 186/186 MP: 25/45
 67007 | Slime:4  | Found a viscous altar of Jiyva.
 67699 | Slime:5  | Entered Level 5 of the Pits of Slime
 67747 | Slime:5  | Noticed the Royal Jelly
 68280 | Slime:5  | Found a viscous altar of Jiyva.
 68281 | Slime:5  | Identified the Opusculum on Hexed Companions
 68295 | Slime:5  | Identified the +0 leather armour of Lilacs {rC+ rCorr Int+4
                  | Slay-2}
 68297 | Slime:5  | Identified the +9 hand axe of Vymiuv {speed, rF+ Str-2
                  | Dex+7}
 68351 | Slime:5  | Upgraded the game from 0.32-a0-666-ge8a88695a4 to
                  | 0.32-a0-673-g3729bd50f8
 68973 | D:1      | Bought a scroll of teleportation for 42 gold pieces
 68973 | D:1      | Bought a scroll of torment for 133 gold pieces
 68973 | D:1      | Bought a scroll of fear for 56 gold pieces
 69373 | Slime:5  | Killed the Royal Jelly
 70588 | Slime:5  | Identified the amulet of Yendor {Acrobat *Corrode Dex+6
                  | SInv}
 70609 | Slime:5  | Got a slimy rune of Zot
 70817 | Slime:5  | HP: 8/243 [azure jelly[the Royal Jelly] (33)]
 70820 | Slime:5  | HP: 3/243 [azure jelly[the Royal Jelly] (3)]
 70820 | Slime:5  | Annihilated by an azure jelly

Illustrated notes

Levels and vault maps discovered:
D:1:      denvon_arrival_planthouse, layout_loops_cross, serial_shops, shop,
          serial_aquarium, aquarium_bridge_island_small
          [aquarium_subvault_small_water, aquarium_subvault_bridge,
          aquarium_subvault_balcony, aquarium_subvault_bridge,
          aquarium_subvault_window], aquarium_window_3, aquarium_window_corner,
          aquarium_view_4, aquarium_balcony_1b, corexii_item_surrounded_by_moat,
          hangedman_decor_clover_reticule
D:2:      layout_loops_corners, nicolae_ecumenical_pavilion, serial_forest,
          infiniplex_forest_straight_2, infiniplex_forest_lined_2,
          infiniplex_forest_straight_4, infiniplex_forest_end_3,
          infiniplex_forest_corner_1, infiniplex_forest_clump_curved,
          infiniplex_forest_lined_2, minmay_close_crescents
D:3:      layout_rooms, nemelex_diamond_rough_becter, serial_shops,
          nicolae_shop_rolling_square, shop, shop, shop
D:4:      minmay_skewed_foursquare, layout_loops_corners,
          ebering_ghost_inner_flame, kennysheep_generic_room_11
D:5:      layout_loops_ring, nicolae_wu_jian_wuxing_cycle,
          minmay_temple_entry_ruins, nicolae_ossuary_entry_false_entrances
D:6:      layout_loops_ring, uniq_sigmund
D:7:      layout_cave_pools, yredelemnul_forgotten_temple_becter,
          mainiacjoe_overflow_concentric_impassable,
          gammafunk_temple_overflow_statue, minmay_mini_ossuary
D:8:      layout_cave_pools, serial_gnoll_camp, gnoll_camp_mini_shop,
          grums_kennel, gnoll_camp_mini_sergeant, gnoll_camp_mini_doghouse,
          gnoll_camp_mini_hut
D:9:      layout_basic, kennysheep_mini, zombieorc2_lemuel
D:10:     minmay_the_grid_plus_closed [minmay_the_grid_all_tris,
          minmay_the_grid_broken_lines, minmay_the_grid_spin_star,
          minmay_the_grid_square_x, minmay_the_grid_prize_big_room],
          layout_cave_pools, lair_entry_dummy, nicolae_tricolors, uniq_urug
D:11:     layout_basic, item_on_display_a
D:12:     layout_small_grid, cheibrodos_ashenzari_chains, uniq_maurice
D:13:     layout_loops_ring, portal_ice_cave_rime, gammafunk_ghost_grave
D:14:     layout_long_grid, erik_vaults_2, elyvilon_altar_5, billiards_dpeg,
          uniq_roxanne
D:15:     hellmonk_depths_entry_around_the_bend, layout_loops_cross,
          minivault_19
Temple:   nicolae_temple_no_exploring_needed
Lair:1:   layout_roguey, st_stairs_12, fungi_pond_lemuel
Lair:2:   layout_hall_layers, alex1729_swamp_entry_worm_eleionoma,
          guppyfry_snake_entry_garden, grunt_megastairs_4, lemuel_fruit_tree
Lair:3:   layout_small_grid, st_stairs_11
Lair:4:   nzn_motion_control, layout_long_grid, ebering_ghost_xom, uniq_sonja
Lair:5:   grunt_lair_end_beastmaster, layout_layer_cave,
          dpeg_slime_entry_enclosed, serial_bayou, serial_bayou_pond_b,
          serial_bayou_shore_a, serial_bayou_pond_e, serial_bayou_pond_d,
          disabler_island
Swamp:1:  layout_basic_swamp, evilmike_swamp_ruin_house_5
Swamp:2:  layout_basic_swamp, nicolae_swamp_tree_designs
Swamp:3:  layout_basic_swamp, gammafunk_ghost_grave,
          evilmike_swamp_ruin_house_3, swamp_pool_5
Swamp:4:  nzn_swamp_witches_coven, layout_basic_swamp, swamp_pool_3
Snake:1:  layout_chambers, minmay_shoptagon, uniq_mlioglotl
Snake:2:  layout_concentric_octagons, basic_altar, serial_bayou_pond_c,
          lemuel_oklob_altar
Snake:3:  layout_layer_cave, minmay_shop_star, uniq_agnes
Snake:4:  minmay_snake_end_coiled, layout_onion, serial_shops, shop,
          nicolae_snake_squiggles, serial_nicolae_subway,
          nicolae_sub_station_crystal, nicolae_sub_station_stone,
          nicolae_sub_station_metal, minmay_shop_grove
Slime:1:  layout_caves, nicolae_slime_getting_an_eyeful
Slime:2:  layout_caves, cheibrodos_slime_lost_civilization_4
Slime:3:  layout_caves
Slime:4:  nicolae_slime_pool, layout_caves, basic_altar
Slime:5:  slime_pit_nicolae_trefoil
Orc:1:    layout_caves, uniq_harold
Orc:2:    pf_orc_diabolical, layout_caves, mines1_david, uniq_donald
Vaults:1: st_greater_box_3, v_misc_27, nicolae_vaults_storage_room_doors,
          v_alt_pattern_3, ontoclasm_vaults_misaligned,
          nicolae_vaults_surprise_closet, nicolae_vaults_double_plus_2,
          nicolae_vaults_network_periphery, ontoclasm_vaults_bender, v_misc_19,
          nicolae_vaults_trapezoid_1, lemuel_angel_altar,
          nicolae_vaults_trapezoid_2, nicolae_vaults_heart-shaped_vault,
          nicolae_vaults_spaceships, layout_vaults_omnibox, serial_shops, shop,
          shop, nicolae_square_shop
Vaults:2: st_eye, nicolae_vaults_big_ls, nicolae_vaults_steering_wheel,
          nicolae_vaults_trapezoid_2, v_misc_23, nicolae_vaults_double_plus_2,
          dpeg_vaults_monster_row, v_misc_10, ontoclasm_vaults_fault,
          hangedman_vaults_restitches, nicolae_vaults_alarming,
          layout_vaults_omnigrid, serial_shops, nicolae_shop_gibbet_a_chance
Vaults:3: nicolae_vaults_big_angled_halls, serial_library_hellmonk_semicircle,
          v_misc_5, vaults_mumra_hexcomb, v_misc_5,
          nicolae_vaults_tetromino_Z_1, v_alt_pattern_6,
          nicolae_vaults_shelves_hall, minmay_crypt_entry_simple_corners,
          vaults_dpeg_doors, nicolae_vaults_sesquioval_fish,
          nicolae_vaults_three_branches, nicolae_vaults_apartment_2,
          nicolae_vaults_circle_grid_a, layout_vaults_maze
Vaults:4: hangedman_vaults_slice, ontoclasm_vaults_hangar,
          nicolae_vaults_crenellated_ambush, grunt_vaults_swirl, v_misc_3,
          ontoclasm_vaults_chip, v_misc_30, nicolae_vaults_little_squares_1,
          hangedman_vaults_slice, nicolae_vaults_trapezoid_4,
          layout_vaults_omnicross

Skill      XL: |  1  2  3  4  5  6  7  8  9 10 11 12 13 14 15 16 17 18 19 20 21 22 |
---------------+-------------------------------------------------------------------+-----
Spellcasting   | 5 6 7 8 9 10 11 12 13 14 15 16 | 16.3
Invocations    | 1 2 3 4 5 6 7 8 10 11 12 13 14 15 16 | 16.9
Fighting       | 1 2 3 4 5 6 7 8 9 10 11 12 13 14 15 | 15.6
Short Blades   | 1 2 3 4 5 6 7 8 9 10 11 12 13 14 15 | 15.6
Long Blades    | 1 2 3 4 5 6 7 8 9 10 11 12 13 14 15 | 15.6
Axes           | 1 2 3 4 5 6 7 8 9 10 11 12 13 14 15 | 15.6
Maces & Flails | 1 2 3 4 5 6 7 8 9 10 11 12 13 14 15 | 15.6
Polearms       | 1 2 3 4 5 6 7 8 9 10 11 12 13 14 15 | 15.6
Staves         | 1 2 3 4 5 6 7 8 9 10 11 12 13 14 15 | 15.6
Ranged Weapons | 1 2 3 4 5 6 7 8 9 10 11 12 13 14 15 | 15.6
Throwing       | 1 2 3 4 5 6 7 8 9 10 11 12 13 14 15 | 15.6
Armour         | 1 2 3 4 5 6 7 8 9 10 11 12 13 14 15 | 15.6
Shields        | 1 2 3 4 5 6 7 8 9 10 11 12 13 14 15 | 15.6
Unarmed Combat | 1 2 3 4 5 6 7 8 9 10 11 12 13 14 15 | 15.6
Evocations     | 1 2 3 4 5 6 7 8 9 10 11 12 13 14 15 | 15.6
Shapeshifting  | 1 2 3 4 5 6 7 8 9 10 11 12 13 14 | 14.4
Conjurations   | 1 2 3 4 5 6 7 8 9 10 11 12 13 | 13.3
Hexes          | 1 2 3 4 5 6 7 8 9 10 11 12 13 | 13.3
Necromancy     | 1 2 3 4 5 6 7 8 9 10 11 12 13 | 13.3
Translocations | 1 2 3 4 5 6 7 8 9 10 11 12 13 | 13.3
Fire Magic     | 1 2 3 4 5 6 7 8 9 10 11 12 13 | 13.3
Ice Magic      | 1 2 3 4 5 6 7 8 9 10 11 12 13 | 13.3
Air Magic      | 1 2 3 4 5 6 7 8 9 10 11 12 13 | 13.3
Earth Magic    | 1 2 3 4 5 6 7 8 9 10 11 12 13 | 13.3
Alchemy        | 1 2 3 4 5 6 7 8 9 10 11 12 13 | 13.3
Dodging        | 5 6 7 8 9 10 11 12 13 14 15 16 | 16.2
Stealth        | 5 6 7 8 9 10 11 12 13 14 15 16 | 16.1
Summonings     | 8 9 10 11 12 13 14 | 14.9

Action                     |  1- 3 |  4- 6 |  7- 9 | 10-12 | 13-15 | 16-18 | 19-21 | 22-24 || total
---------------------------+-------+-------+-------+-------+-------+-------+-------+-------++-------
  Melee: Unarmed           |     6 |       |       |       |       |       |       |       ||     6
         Dagger            |    34 |    38 |   111 |   151 |    74 |       |       |       ||   408
         Bite              |     7 |     3 |    14 |    22 |    59 |    93 |    62 |    16 ||   276
         Scimitar          |       |       |       |       |   215 |       |       |       ||   215
         Double sword      |       |       |       |       |    61 |   545 |   410 |   125 ||  1141
  Throw: Dart              |       |       |       |       |    11 |    14 |    16 |       ||    41
   Cast: Summon Small Mamm |    34 |    27 |    22 |    23 |    15 |     5 |       |       ||   126
         Call Imp          |    18 |    18 |    19 |    19 |    17 |     3 |     1 |       ||    95
         Call Canine Famil |     1 |    12 |    12 |    21 |    15 |     4 |     1 |       ||    66
         Summon Blazeheart |       |       |    16 |    96 |   140 |    33 |    14 |    11 ||   310
         Summon Lightning  |       |       |     3 |    26 |    71 |    24 |    15 |     6 ||   145
         Summon Mana Viper |       |       |       |    14 |    27 |    58 |    52 |     3 ||   154
         Monstrous Menager |       |       |       |       |       |    25 |   161 |    10 ||   196
         Freezing Cloud    |       |       |       |       |       |   141 |     2 |       ||   143
         Animate Dead      |       |       |       |       |       |     8 |    39 |    11 ||    58
         Death Channel     |       |       |       |       |       |       |    54 |    10 ||    64
         Anguish           |       |       |       |       |       |       |    32 |       ||    32
         Haunt             |       |       |       |       |       |       |    11 |    34 ||    45
         Infestation       |       |       |       |       |       |       |     4 |    20 ||    24
 Invoke: Curse Item        |       |       |       |       |     7 |     4 |     3 |       ||    14
         Shatter the Chain |       |       |       |       |     1 |     1 |     2 |       ||     4
  Evoke: Wand              |       |       |     1 |     4 |    11 |     4 |     4 |     2 ||    26
         Phantom mirror    |       |       |       |       |       |     4 |     2 |     1 ||     7
         Box of beasts     |       |       |       |       |       |       |     1 |       ||     1
    Use: Scroll            |     8 |     4 |     2 |    12 |    11 |     7 |    13 |    12 ||    69
         Potion            |       |       |       |     3 |     5 |    14 |    15 |     3 ||    40
   Stab: Sleeping          |     4 |     7 |     9 |     6 |     4 |     7 |     8 |       ||    45
         Distracted        |       |     1 |     3 |     4 |     3 |    16 |    15 |     3 ||    45
         Paralysed         |       |       |       |       |     6 |       |     1 |       ||     7
         Invisible         |       |       |       |       |       |     5 |       |       ||     5
 Armour: Robe              |    29 |    17 |    93 |   133 |       |       |       |       ||   272
         Ring mail         |       |       |       |    31 |    33 |   419 |   127 |       ||   610
         Leather armour    |       |       |       |       |   224 |       |       |       ||   224
         Skin              |       |       |       |       |       |       |   226 |   197 ||   423
  Dodge: Dodged            |    30 |    33 |    86 |   174 |   264 |   263 |   392 |   275 ||  1517
  Block: Buckler           |       |     1 |    30 |    92 |   273 |    12 |       |       ||   408
         Reflection        |       |       |       |       |     6 |    62 |    34 |       ||   102
         Kite shield       |       |       |       |       |       |   537 |   563 |   205 ||  1305
   Form: Statue            |       |       |       |       |       |       |     1 |       ||     1

Table legend: (Time is in decaauts)
 A = Elapsed time spent in this place.
 B = Non-inter-level travel time spent in this place.
 C = Inter-level travel time spent in this place.
 D = Time resting spent in this place.
 E = Time spent auto-exploring this place.
 F = Levels seen in this place.
 G = Mean time per level.
                   A        B        C        D        E       F      G
               +--------+--------+--------+--------+--------+-----+--------+
         Total |  76955 |  69926 |   7029 |  22454 |  30329 |  42 | 1832.3 |
       Dungeon |  23016 |  18967 |   4049 |   3352 |  11464 |  15 | 1534.4 |
        Temple |     14 |      7 |      7 |      0 |      0 |   1 |   14.0 |
          Lair |  11404 |   9668 |   1736 |   3585 |   3937 |   5 | 2280.8 |
         Swamp |   7138 |   6896 |    242 |   3046 |   2380 |   4 | 1784.5 |
     Snake Pit |   9618 |   9265 |    353 |   3002 |   4669 |   4 | 2404.5 |
    Slime Pits |   7386 |   7238 |    148 |   3520 |    826 |   5 | 1477.2 |
  Orcish Mines |   3676 |   3631 |     45 |   1783 |   1196 |   2 | 1838.0 |
        Vaults |  12707 |  12262 |    445 |   3372 |   5511 |   4 | 3176.8 |
       Ossuary |    432 |    432 |      0 |     26 |    105 |   1 |  432.0 |
      Ice Cave |   1559 |   1559 |      0 |    765 |    238 |   1 | 1559.0 |
               +--------+--------+--------+--------+--------+-----+--------+

Top non-repeatable levels by time:
Vaults:1: 4631 daAuts
  Lair:5: 3691 daAuts
 Snake:3: 3542 daAuts
Vaults:2: 3380 daAuts
   Orc:2: 3177 daAuts
Vaults:3: 2586 daAuts
  Lair:1: 2466 daAuts
    D:10: 2431 daAuts
 Slime:4: 2329 daAuts
 Snake:1: 2302 daAuts
 Swamp:4: 2260 daAuts
 Slime:5: 2219 daAuts
 Snake:2: 2163 daAuts
  Lair:4: 2147 daAuts
Vaults:4: 2109 daAuts
